 Dungeon Crawl Stone Soup version 0.30-a0-23-ge60ba3568b (webtiles) character file.

Game seed: 466830281447271745

619 HypermagicGuardian the Chopper (level 7, -2/62 HPs)
             Began as a Minotaur Abyssal Knight on Aug 25, 2022.
             Was a Priest of Lugonu.
             Slain by a water moccasin (7 damage)
             ... on level 5 of the Dungeon.
             The game lasted 00:10:11 (4920 turns).

HypermagicGuardian the Chopper (MiAK)               Turns: 4920, Time: 00:10:11

Health: -2/62      AC: 11    Str: 19    XL:     7   Next: 21%
Magic:  7/7        EV:  7    Int:  7    God:    Lugonu [***...]
Gold:   173        SH:  0    Dex: 11    Spells: 6/6 levels left

rFire   . . .      SeeInvis .    a - +1 hand axe
rCold   . . .      Faith    .    (no shield)
rNeg    . . .      Spirit   .    e - +0 chain mail
rPois   .          Reflect  .    (helmet restricted)
rElec   .          Harm     .    (no cloak)
rCorr   .          Rampage  .    (no gloves)
Will    .....                    r - +0 pair of boots
Stlth   ..........               (no amulet)
HPRegen 0.20/turn                (no ring)
MPRegen 0.10/turn                (no ring)

@: mighty
A: horns 2, retaliatory headbutt
a: Renounce Religion, Depart the Abyss, Bend Space, Banish


You were on level 5 of the Dungeon.
You worshipped Lugonu.
Lugonu was most pleased with you.
You visited 1 branch of the dungeon, and saw 5 of its levels.
You visited the Abyss 1 time.

You collected 203 gold pieces.
You spent 30 gold pieces at shops.

Inventory:

Hand Weapons
 a - a +1 hand axe (weapon)
Missiles
 f - 15 poisoned darts (quivered)
 t - 6 javelins
Armour
 b - a +0 leather armour
 e - a +0 chain mail (worn)
 r - a +0 pair of boots (worn)
 s - a +0 scale mail
Scrolls
 c - 3 scrolls of fog {unknown}
 g - a scroll of enchant armour {unknown}
 h - a scroll of blinking {unknown}
 j - 2 scrolls of teleportation
 n - 3 scrolls of amnesia
 p - a scroll of noise {unknown}
 q - a scroll of vulnerability {unknown}
 u - 3 scrolls of identify
 w - a scroll of fear {unknown}
Potions
 i - a potion of might
 k - 3 potions of cancellation
 l - 2 potions of magic
 m - 3 potions of mutation
 o - a potion of berserk rage
 v - a potion of experience {unknown}


   Skills:
 + Level 5.7 Fighting
 * Level 6.9 Axes
 + Level 5.1 Armour
 - Level 1.1 Dodging
 + Level 2.4 Invocations


You had 6 spell levels left.
You didn't know any spells.
Your spell library contained the following spells:

 Spells                   Type           Power      Damage    Failure   Level
 Slow                     Hex            0%         N/A       99%         1
 Confusing Touch          Hex            0%         N/A       100%        3
 Gell's Gravitas          Tloc           0%         N/A       100%        3
 Teleport Other           Tloc           0%         N/A       100%        3
 Vampiric Draining        Necr           0%         2d6       100%        3
 Dispersal                Tloc           0%         N/A       100%        6


Dungeon Overview and Level Annotations

Branches:
Dungeon (5/15)
 Temple: D:4-7

Altars:

Shops:
D:1 !   D:2 [*   D:3 =:   D:5 *

Annotations:
D:4 2 transporters, SensoryNuts's ghost, novice HOFi


Innate Abilities, Weirdness & Mutations

You have a pair of horns on your head.
You reflexively headbutt those who attack you in melee.


Message History

You slash the ogre!
The ogre is severely wounded.
You feel sick. The ogre hits you but does no damage.
You slash the ogre!
You kill the ogre!
Lugonu accepts your kill.
You feel sick.
Your Armour skill increases to level 5!
You feel sick.
You feel sick.
You start resting.
You feel sick. x3
You are no longer poisoned.
You start resting.
A ball python is nearby!
The water moccasin hisses angrily.
Throw: 16 darts (poison)
Press: ? - help, Q - select action, (/) - cycle Shift-Dir - straight line, f - water moccasin
Aim: a water moccasin (lightly wounded, 38% to hit)
You throw a poisoned dart.
The poisoned dart hits the water moccasin.
The water moccasin is lightly wounded.
A scorpion comes into view.
Found an escape hatch in the floor.
Found an escape hatch in the ceiling.
A phantom comes into view.
Found a scroll of identify.
The water moccasin attacks as you move away!
The water moccasin bites you!
* * * LOW HITPOINT WARNING * * *
The water moccasin bites you but does no damage.
The water moccasin attacks as you move away!
The water moccasin closely misses you.
The phantom hits you but does no damage.
The water moccasin bites you but does no damage.
There is an escape hatch in the ceiling here.
The water moccasin barely misses you. You furiously retaliate!
You headbutt the water moccasin!!
The phantom hits you but does no damage.
The water moccasin bites you!
You die...

....########.#...>...
.....................
............##.......
#...........# .......
#.........s.# .......
#...........# ....s..
#......S....# .......
#......SW...# #####..
#......@....# .#
#....?......#
#...........#
#...........#
..#+######.... #
..... ..... ....


You could see a water moccasin, a phantom, a scorpion and a ball python.

Vanquished Creatures
  Sigmund (D:2)
  An ogre (D:5)
  A necrophage (D:4)
  A hound (D:4)
  Jessica (D:2)
  Terence (D:2)
  3 orc wizards (D:4)
  Robin (D:2)
  6 gnolls
  3 worms
  A dart slug (D:1)
  6 orcs (D:4)
  6 ball pythons
  9 bats
  9 endoplasms
  A giant cockroach (D:1)
  11 goblins
  7 hobgoblins
  4 quokkas
  5 frilled lizards
  5 kobolds
  3 rats
86 creatures vanquished.

Notes
Turn   | Place    | Note
-------+----------+-------------------------------------------
     0 | Abyss:1  | HypermagicGuardian the Minotaur Abyssal Knight began the
                  | quest for the Orb.
     0 | Abyss:1  | Reached XP level 1. HP: 19/19 MP: 1/1
     3 | Abyss:1  | Found a corrupted altar of Lugonu.
     4 | D:1      | Escaped the Abyss
   212 | D:1      | Reached XP level 2. HP: 27/27 MP: 2/2
   224 | D:1      | Reached skill level 3 in Axes
   230 | D:1      | Reached ** piety under Lugonu
   436 | D:1      | Found Muyll's Distillery.
   455 | D:1      | Bought a potion of curing for 30 gold pieces
  1120 | D:2      | Found Resmoik's Assorted Antiques.
  1321 | D:2      | Reached XP level 3. HP: 29/33 MP: 3/3
  1380 | D:2      | Noticed Jessica
  1385 | D:2      | Noticed Terence
  1387 | D:2      | Killed Jessica
  1413 | D:2      | Killed Terence
  1414 | D:2      | Reached skill level 4 in Axes
  1414 | D:2      | Reached XP level 4. HP: 19/41 MP: 4/4
  1801 | D:2      | Found Goshromyfu's Armour Boutique.
  1872 | D:2      | Noticed Sigmund
  1893 | D:2      | Killed Sigmund
  1894 | D:2      | Reached skill level 5 in Fighting
  1894 | D:2      | Reached skill level 5 in Axes
  1894 | D:2      | Reached XP level 5. HP: 16/48 MP: 5/5
  2442 | D:3      | Found Daabreiq's Jewellery Shoppe.
  2443 | D:3      | Found Lyihium's Book Shop.
  2449 | D:3      | Reached XP level 6. HP: 56/56 MP: 6/6
  2848 | D:3      | Found a faded altar of an unknown god.
  3332 | D:4      | Found a transporter.
  3332 | D:4      | Noticed SensoryNuts's ghost (novice HOFi)
  3360 | D:4      | Reached skill level 6 in Axes
  3374 | D:4      | Reached *** piety under Lugonu
  3770 | D:4      | Found a transporter.
  3894 | D:2      | Noticed Robin
  3900 | D:2      | Killed Robin
  4668 | D:4      | Reached XP level 7. HP: 60/61 MP: 7/7
  4852 | D:5      | Entered Level 5 of the Dungeon
  4869 | D:5      | Found Kov Pow's Serpentskin Sales.
  4884 | D:5      | Reached skill level 5 in Armour
  4920 | D:5      | Slain by a water moccasin

Illustrated notes

Levels and vault maps discovered:
D:1:      dpeg_arrival_shrine, layout_loops_corners, serial_shops, shop
D:2:      layout_basic, serial_shops, shop, shop, uniq_sigmund, uniq_terence,
          uniq_jessica, uniq_robin
D:3:      cheibrodos_helix_gallery, layout_basic,
          ebering_ecumenical_altar_petrified, serial_shops, shop, shop,
          minivault_4
D:4:      layout_loops_corners, gammafunk_ghost_mausoleum
D:5:      layout_basic, overflow_temple_1_default, minivault_27,
          guppyfry_shop_venom

Skill      XL: |  1  2  3  4  5  6  7 |
---------------+----------------------+-----
Axes           | 3 4 5 6 |  6.9
Fighting       | 4 5 |  5.7
Armour         | 3 4 5 |  5.1
Invocations    | 2 |  2.4
Dodging        | |  1.1

Action                   |  1- 3 |  4- 6 |  7- 9 || total
-------------------------+-------+-------+-------++-------
Melee: Hand axe          |    42 |   164 |     9 ||   215
       Headbutt          |     8 |    22 |     1 ||    31
Throw: Dart              |     2 |     3 |     1 ||     6
Invok: Depart the Abyss  |     1 |       |       ||     1
  Use: Scroll            |     1 |     7 |     1 ||     9
       Potion            |       |     2 |     2 ||     4
Armor: Leather armour    |     8 |    33 |       ||    41
       Chain mail        |       |     8 |     8 ||    16
       Scale mail        |       |     7 |       ||     7
Dodge: Dodged            |    24 |    72 |     3 ||    99

Table legend: (Time is in decaauts)
 A = Elapsed time spent in this place.
 B = Non-inter-level travel time spent in this place.
 C = Inter-level travel time spent in this place.
 D = Time resting spent in this place.
 E = Time spent auto-exploring this place.
 F = Levels seen in this place.
 G = Mean time per level.
                   A        B        C        D        E       F      G
               +--------+--------+--------+--------+--------+-----+--------+
         Total |   4930 |   4761 |    169 |    502 |   3607 |   6 |  821.7 |
       Dungeon |   4926 |   4757 |    169 |    502 |   3604 |   5 |  985.2 |
         Abyss |      4 |      4 |      0 |      0 |      3 |   1 |    4.0 |
               +--------+--------+--------+--------+--------+-----+--------+

Top non-repeatable levels by time:
     D:4: 1368 daAuts
     D:2: 1269 daAuts
     D:3: 1112 daAuts
     D:1: 1109 daAuts
     D:5: 67 daAuts
 Abyss:1: 4 daAuts
